AoeStats
← Gradubide_II

Black Forest

510803623Analyzed
4v4 RM · 16h ago on Oct 2, 2026· 65m 5s· 8 players
Game mode
Random Map
Map size
Large (8 player)
Population
200
Speed
Normal
Resources
Standard
Victory
Conquest
Starting age
Dark Age
Ending age
Imperial Age
RankedLock teamsTeams togetherTeam positionsShared explorationLock speedFull tech treeHidden civsTurbo modeCheats
Victory
Defeat
🇨🇳 Bohemians · China
722
+12
🇺🇸 Romans · United States
720
+13
🇹🇼 Lithuanians · Taiwan
649
+15
🇫🇷 Romans · France
585
+19
🇨🇱 Khmer · Chile
690
-17
🇫🇷 Byzantines · France
684
-16
🇮🇳 Persians · India
592
-13
🇨🇿 Teutons · Czechia
589
-13
Marlon
0:43 Loom
12:23 Feudal Age
17:48 Castle Age
15:44 Horse Collar
16:15 Double-Bit Axe
18:33 Heavy Plow
21:52 Wheelbarrow
22:42 Bow Saw
23:40 Fishing Lines
25:15 Hand Cart
25:06 Gillnets
27:22 Fervor
27:16 Gold Mining
27:17 Stone Mining
29:56 Stone Shaft Mining
33:40 Imperial Age
31:47 Town Watch
32:28 Forging
32:18 Scale Mail Armor
32:24 Scale Barding Armor
32:20 Padded Archer Armor
32:10 Fletching
34:13 Caravan
35:23 Iron Casting
35:09 Chain Barding Armor
34:11 Pikeman
34:52 Squires
37:34 Chain Mail Armor
37:54 Ballistics
38:35 Chemistry
37:46 Masonry
37:19 Halberdier
37:51 Treadmill Crane
38:17 Devotion
38:38 Sanctity
38:30 Redemption
38:39 Block Printing
39:02 Theocracy
39:27 Crop Rotation
40:34 Husbandry
40:44 Bloodlines
39:55 Light Cavalry
41:19 Conscription
41:00 Hill Forts
41:01 Tower Shields
41:56 Plate Barding Armor
41:17 Bodkin Arrow
41:37 Leather Archer Armor
42:18 Thumb Ring
41:34 Elite Skirmisher
42:05 Arson
43:16 Elite Leitis
44:32 Hoardings
43:26 Winged Hussar
54:31 Bracer
55:02 Ring Archer Armor
66:04 Architecture
65:30 Murder Holes
65:45 Fortified Wall
Gradubide_II
1:16 Loom
16:12 Feudal Age
20:42 Wheelbarrow
19:53 Town Watch
20:24 Forging
20:15 Scale Mail Armor
20:21 Scale Barding Armor
21:18 Double-Bit Axe
21:09 Man-at-Arms
22:19 Gold Mining
23:45 Fletching
23:56 Padded Archer Armor
25:57 Stone Mining
25:50 Horse Collar
30:28 Castle Age
31:08 Long Swordsman
31:09 Pikeman
31:50 Squires
31:13 Crossbowman
32:22 Bow Saw
33:00 Town Patrol
32:49 Elite Skirmisher
32:52 Light Cavalry
33:43 Bloodlines
34:17 Caravan
34:57 Coinage
35:40 Gold Shaft Mining
35:24 Leather Archer Armor
36:04 Hand Cart
41:46 Ballistas
41:46 Husbandry
seven^^
12:22 Feudal Age
18:08 Castle Age
17:58 Double-Bit Axe
30:10 Horse Collar
31:32 Heavy Plow
33:09 Chemistry
34:41 Imperial Age
33:32 Wheelbarrow
33:21 Bow Saw
34:03 Forging
33:55 Scale Mail Armor
34:08 Wagenburg Tactics
36:07 Iron Casting
35:47 Chain Mail Armor
34:57 Elite Hussite Wagon
37:12 Houfnice
38:41 Hand Cart
38:44 Siege Engineers
38:06 Pikeman
38:48 Squires
42:35 Blast Furnace
42:05 Plate Mail Armor
43:12 Halberdier
43:38 Arson
45:11 Caravan
46:31 Plate Mail Armor
50:19 Two-Man Saw
eleven
10:48 Feudal Age
12:05 Wheelbarrow
13:27 Double-Bit Axe
16:38 Castle Age
15:39 Scale Mail Armor
18:47 Bow Saw
26:09 Stone Mining
26:09 Gold Mining
26:53 Hand Cart
26:28 Horse Collar
26:38 Town Watch
26:38 Loom
27:45 Chain Mail Armor
27:41 Forging
27:36 Scale Barding Armor
28:12 Heavy Plow
28:47 Caravan
29:18 Coinage
29:07 Town Patrol
30:37 Gold Shaft Mining
30:36 Ballistics
33:25 Imperial Age
33:32 Imperial Age
31:46 Iron Casting
31:32 Chain Barding Armor
31:13 Padded Archer Armor
31:32 Masonry
32:15 Man-at-Arms
32:17 Pikeman
32:57 Squires
34:13 Elite Centurion
35:21 Comitatenses
34:29 Long Swordsman
35:33 Conscription
35:47 Banking
34:52 Heavy Scorpion
35:49 Ballistas
38:03 Halberdier
42:09 Guilds
43:17 Plate Barding Armor
43:24 Architecture
43:06 Siege Engineers
44:02 Chemistry
43:16 Legionary
43:30 Capped Ram
43:46 Sappers
52:15 Blast Furnace
58:29 Leather Archer Armor
58:04 Fletching
58:47 Crop Rotation
64:55 Siege Ram
Flobull
0:36 Loom
16:55 Feudal Age
18:19 Wheelbarrow
17:32 Double-Bit Axe
17:35 Horse Collar
18:32 Gold Mining
18:33 Stone Mining
25:01 Castle Age
23:42 Fishing Lines
26:28 Bow Saw
26:12 Gillnets
26:25 Heavy Plow
27:03 Gold Shaft Mining
27:03 Stone Shaft Mining
27:22 Caravan
27:43 Hand Cart
39:33 Imperial Age
37:51 Squires
37:36 Gambesons
37:37 Arson
38:21 Ballistics
37:42 Treadmill Crane
38:17 Forging
38:07 Scale Mail Armor
37:58 Fletching
38:11 Padded Archer Armor
38:17 Scale Barding Armor
38:38 Husbandry
39:13 Greek Fire
40:10 Iron Casting
40:44 Conscription
41:22 Fortified Wall
42:14 Chemistry
42:53 Cavalier
43:59 Chain Barding Armor
43:55 Chain Mail Armor
43:56 Leather Archer Armor
44:50 Bombard Tower
44:16 Arrowslits
44:10 Elite Varangian Guard
45:50 Logistica
46:16 Hoardings
46:16 Paladin
47:49 Murder Holes
47:45 Guard Tower
48:05 Fortified Wall
50:17 Plate Barding Armor
51:54 Elite Cataphract
60:53 Light Cavalry
sandeepkumarsdsl
0:44 Loom
17:58 Feudal Age
21:58 Wheelbarrow
25:52 Castle Age
25:00 Gold Mining
25:02 Stone Mining
26:05 Double-Bit Axe
26:07 Horse Collar
28:15 Fishing Lines
28:49 Caravan
31:51 Fortified Wall
34:37 Imperial Age
32:58 Stone Shaft Mining
32:34 Pikeman
33:15 Squires
33:00 Gambesons
34:55 Onager
37:12 Capped Ram
39:00 Chemistry
41:30 Cavalier
42:24 Scale Barding Armor
42:20 Scale Mail Armor
42:31 Forging
43:53 Paladin
44:58 Chain Barding Armor
44:06 Heavy Scorpion
47:11 Siege Onager
Ajghoimer
1:20 Loom
19:51 Feudal Age
23:00 Wheelbarrow
23:25 Double-Bit Axe
23:27 Horse Collar
25:14 Bloodlines
28:09 Castle Age
28:43 Husbandry
34:25 Hand Cart
34:46 Forging
34:42 Scale Barding Armor
43:29 Heavy Plow
47:38 Imperial Age
48:36 Crop Rotation
48:51 Citadels
48:02 Elite War Elephant
49:35 Bow Saw
49:37 Caravan
Jx
0:28 Loom
14:56 Feudal Age
17:02 Town Watch
18:04 Wheelbarrow
19:35 Castle Age
17:27 Double-Bit Axe
17:33 Horse Collar
19:57 Castle Age
24:20 Hand Cart
24:45 Heavy Plow
25:44 Bow Saw
28:01 Fervor
34:17 Imperial Age
32:18 Light Cavalry
33:08 Bloodlines
32:58 Husbandry
33:14 Town Patrol
35:34 Scale Barding Armor
34:55 Hussar
35:59 Conscription
36:15 Hoardings
36:20 Crop Rotation
36:39 Chain Barding Armor
36:30 Forging
36:33 Fortified Wall
37:23 Chemistry
36:34 Masonry
36:20 Murder Holes
39:12 Plate Barding Armor
39:14 Iron Casting
39:02 Ballistics
38:52 Careening
38:49 Siege Engineers
39:32 Stone Mining
39:32 Gold Mining
40:16 Architecture
39:38 Fletching
39:49 Scale Mail Armor
39:49 Padded Archer Armor
39:53 Caravan
45:08 Tusk Swords
46:28 Blast Furnace
45:24 Bodkin Arrow
45:44 Leather Archer Armor
45:45 Chain Mail Armor
48:31 Bracer
48:41 Onager
52:51 Ring Archer Armor
54:09 Pikeman
54:34 Arson
55:30 Halberdier
Connection lost

Rejoining the realm…

Still unreachable

The connection could not be restored.

Session expired

The server has moved on; the page needs a fresh start.